 Dungeon Crawl Stone Soup version 0.21-a0-278-ga722497 (webtiles) character file.

555 vishdafish the Warrior (level 7, -1/54 HPs)
             Began as a Demonspawn Fighter on Sept 23, 2017.
             Was a Believer of Okawaru.
             Killed by divine providence
             ... invoked by an orc priest
              (13 damage)
             ... on level 4 of the Dungeon.
             The game lasted 00:05:33 (3266 turns).

vishdafish the Warrior (Demonspawn Fighter)         Turns: 3266, Time: 00:05:34

Health: -1/54      AC: 12    Str: 16    XL:     7   Next: 8%
Magic:  11/11      EV:  6    Int: 10    God:    Okawaru [**....]
Gold:   188        SH: 12    Dex: 14    Spells: 6/6 levels left

rFire    . . .     SeeInvis .   a - +0 war axe
rCold    + + .     Gourm    .   c - +0 shield
rNeg     . . .     Faith    .   b - +0 scale mail
rPois    .         Spirit   .   s - +1 helmet
rElec    .         Reflect  +   (no cloak)
rCorr    .         Harm     .   (no gloves)
MR       .....                  z - +0 pair of boots
Stlth    ..........             l - +3 amulet of reflection
HPRegen  0.18/turn              e - ring of protection from cold
MPRegen  0.12/turn              (no ring)

@: no status effects
A: claws 2, slimy green scales 1, cold resistance 1, freezing cloud immunity
a: Heroism, Renounce Religion


You were on level 4 of the Dungeon.
You worshipped Okawaru.
Okawaru was pleased with you.
You were very hungry.

You visited 1 branch of the dungeon, and saw 4 of its levels.

You collected 188 gold pieces.

Inventory:

Hand Weapons
 a - a +0 war axe (weapon)
Armour
 b - a +0 scale mail (worn)
 c - a +0 shield (worn)
 s - a +1 helmet (worn)
 z - a +0 pair of boots (worn)
Jewellery
 e - a ring of protection from cold (left claw)
 l - a +3 amulet of reflection (around neck)
Wands
 A - a wand of flame (25/48)
Scrolls
 j - a scroll of immolation {unknown}
 k - 3 scrolls of identify {unknown}
 m - 2 scrolls of magic mapping {unknown}
 n - 4 scrolls of remove curse {unknown}
 p - 2 scrolls of fear {unknown}
 t - a scroll of amnesia {unknown}
 w - a scroll of teleportation {unknown}
 y - a scroll of noise {unknown}
Potions
 d - a potion of might
 g - 3 potions of heal wounds {unknown}
 h - a potion of lignification {unknown}
 o - a potion of degeneration {unknown}
 u - 2 potions of mutation {unknown}
 v - a potion of flight {unknown}
 x - a potion of haste {unknown}
Comestibles
 f - 2 bread rations
 i - 2 royal jellies
 r - a meat ration


   Skills:
 + Level 4.2 Fighting
 * Level 4.2 Axes
 + Level 3.9 Armour
 - Level 2.8 Shields
 * Level 5.3 Invocations


You had 6 spell levels left.
You didn't know any spells.

Dungeon Overview and Level Annotations

Branches:
Dungeon (4/15)
 Temple: D:4-7

Altars:
Okawaru


Innate Abilities, Weirdness & Mutations

You have very sharp fingernails.
You are partially covered in slimy green scales. (AC +2)
Your flesh is cold resistant. (rC+)
You are immune to freezing clouds.


Message History

You are too injured to fight recklessly!
You are too injured to fight recklessly!
You are too injured to fight recklessly!
You are too injured to fight recklessly!
You are too injured to fight recklessly!
You are too injured to fight recklessly!
You are too injured to fight recklessly!
Unknown command.
You hit the orc priest but do no damage.
The orc priest is almost dead.
Your shield and scale mail prevent you from hitting something.
You hear some strange, mumbled words.
Something tries to affect you, but you resist.
The orc priest mumbles some strange prayers to Beogh against you.
Pain shoots through your body!
* * * LOW HITPOINT WARNING * * *
Something hits you but does no damage.
The orc priest calls down the wrath of Beogh upon you.
Beogh smites you!
You die...

#.# #.# #.#
##########.#
#..........#
#
#.##########
#.#.##
#....####
#.....@o#
#...)##{# ##
#.#### .# .
... .# .#
.... .# ..
#...# .# #
##. .# . .#
#


You could see an orc priest.

Vanquished Creatures
  The ghost of vishdafish the Skirmisher, an amateur DsFi of Hepliaklqana (D:3)
  An ogre (D:4)
  A hound (D:4)
  Natasha (thrice) (D:3)
  A worker ant (D:4)
  Robin (D:2)
  6 adders
  An ooze (D:2)
  2 worms
  2 dart slugs
  2 leopard geckos
  7 orcs
  A ball python (D:2)
  4 giant cockroaches
  14 goblins
  7 hobgoblins
  3 jackals (D:3)
  2 bats (D:1)
  7 frilled lizards
  6 kobolds
  6 rats
78 creatures vanquished.

Notes
Turn   | Place    | Note
-------+----------+-------------------------------------------
     0 | D:1      | vishdafish the Demonspawn Fighter began the quest for the Orb.
     0 | D:1      | Reached XP level 1. HP: 18/18 MP: 1/1
   462 | D:1      | Gained mutation: You are partially covered in slimy green scales. (AC +2) [demonic ancestry]
   462 | D:1      | Reached XP level 2. HP: 24/24 MP: 2/2
  1147 | D:2      | Found a faded altar of an unknown god.
  1182 | D:2      | Became a worshipper of Warmaster Okawaru
  1182 | D:2      | Reached * piety under Okawaru
  1328 | D:2      | Gained mutation: You have sharp fingernails. [demonic ancestry]
  1328 | D:2      | Reached XP level 3. HP: 20/29 MP: 3/3
  1463 | D:2      | Reached skill level 1 in Invocations
  1672 | D:2      | Noticed Robin
  1693 | D:2      | Killed Robin
  1693 | D:2      | Gained mutation: Your flesh is cold resistant. (rC+) [demonic ancestry]
  1693 | D:2      | Reached XP level 4. HP: 24/35 MP: 3/5
  2130 | D:3      | Noticed vishdafish's ghost (amateur DsFi)
  2142 | D:3      | Killed vishdafish's ghost
  2142 | D:3      | Reached ** piety under Okawaru
  2142 | D:3      | Reached skill level 3 in Invocations
  2142 | D:3      | Reached XP level 5. HP: 16/42 MP: 5/7
  2314 | D:3      | Gained mutation: You are immune to freezing clouds. [demonic ancestry]
  2314 | D:3      | Reached XP level 6. HP: 45/48 MP: 8/8
  2442 | D:3      | Noticed Natasha
  2457 | D:3      | Killed Natasha
  2457 | D:3      | Reached skill level 4 in Invocations
  2482 | D:3      | Noticed Natasha
  2488 | D:3      | Killed Natasha
  2801 | D:3      | Noticed Natasha
  2806 | D:3      | Killed Natasha
  3093 | D:4      | Reached skill level 5 in Invocations
  3093 | D:4      | Gained mutation: You have very sharp fingernails. [demonic ancestry]
  3093 | D:4      | Reached XP level 7. HP: 46/54 MP: 7/10
  3180 | D:4      | Found an iron altar of Okawaru.
  3266 | D:4      | Killed from afar by an orc priest

Vault maps used:
D:1:      eino_arrival_tree_alley
D:2:      chequers_ecumenical_altar_grove, uniq_robin
D:3:      gup_sewer_entry_spiral, uniq_natasha
D:4:      okawaru_gym_becter

Skill      XL: |  1  2  3  4  5  6 |
---------------+-------------------+-----
Axes           | 2 3 4 |  4.2
Armour         | 3 |  3.9
Invocations    | 1 3 5 |  5.3
Fighting       | 4 |  4.2
Shields        | |  2.8

Action                   |  1- 3 |  4- 6 |  7- 9 || total
-------------------------+-------+-------+-------++-------
Melee: War axe           |   127 |   134 |    18 ||   279
Invok: Heroism           |       |     2 |       ||     2
  Use: Potion            |       |     1 |       ||     1
  Eat: Chunk             |     2 |     5 |       ||     7
Armor: Scale mail        |    58 |    72 |     6 ||   136
Dodge: Dodged            |    33 |    45 |     5 ||    83
Block: Shield            |    86 |   102 |     8 ||   196
       Reflection        |       |     3 |       ||     3

Table legend:
 A = Spawn XP
 B = Non-spawn XP
 C = Spawn XP percentage of total XP
 D = Spawn monster count
 E = Non-spawn monster count
 F = Spawn count percentage of total count
 G = Total turns spent on level
                    A         B        C        D         E        F      G
               +---------+---------+-------+---------+---------+-------+---------
         Total |       0 |     794 |   0.0 |       0 |      78 |   0.0 |  3266
               +---------+---------+-------+---------+---------+-------+---------
           D:1 |       0 |      30 |   0.0 |       0 |      19 |   0.0 |  1111
           D:2 |       0 |      78 |   0.0 |       0 |      24 |   0.0 |   953
           D:3 |       0 |     468 |   0.0 |       0 |      28 |   0.0 |  1015
           D:4 |       0 |     218 |   0.0 |       0 |       7 |   0.0 |   187
               +---------+---------+-------+---------+---------+-------+---------
